AoeStats
← v0id

Arabia

509251330Analyzed
2v2 RM · 7d ago on Sep 26, 2026· 59m 38s· 4 players
Game mode
Random Map
Map size
Medium (4 player)
Population
200
Speed
Normal
Resources
Standard
Victory
Conquest
Starting age
Dark Age
Ending age
Imperial Age
RankedLock teamsTeams togetherTeam positionsShared explorationLock speedFull tech treeHidden civsTurbo modeCheats
Victory
Defeat
🇦🇷 Goths · Argentina
1031
+15
🇦🇷 Vietnamese · Argentina
1009
+15
🇦🇷 Magyars · Argentina
1059
-17
🇦🇷 Khmer · Argentina
939
-13
[ADB] PrestoPronta
11:02 Feudal Age
12:07 Double-Bit Axe
12:11 Loom
12:30 Town Watch
14:50 Horse Collar
22:26 Castle Age
21:35 Scale Barding Armor
21:40 Forging
23:01 Wheelbarrow
26:09 Imperial Age
26:29 Bloodlines
26:20 Husbandry
27:07 Town Patrol
27:24 Bow Saw
29:13 Fletching
29:23 Padded Archer Armor
29:44 Chain Barding Armor
30:00 Iron Casting
30:12 Hand Cart
33:28 Chemistry
32:49 Ballistics
33:41 Plate Barding Armor
34:07 Blast Furnace
33:58 Heavy Plow
35:54 Gold Mining
35:54 Stone Mining
36:08 Bodkin Arrow
36:38 Conscription
37:31 Murder Holes
40:17 Double Crossbow
44:01 Elite Ballista Elephant
45:31 Elite Ballista Elephant
46:54 Hoardings
46:36 Masonry
46:35 Siege Engineers
48:43 Cavalier
[ADB] cervecero
7:59 Loom
10:44 Feudal Age
11:37 Double-Bit Axe
20:42 Castle Age
22:14 Scale Barding Armor
22:43 Fletching
25:40 Town Watch
26:57 Bloodlines
27:17 Gold Mining
30:17 Wheelbarrow
30:16 Horse Collar
32:33 Gold Shaft Mining
33:17 Chain Barding Armor
36:12 Bodkin Arrow
36:31 Stone Mining
38:32 Hand Cart
41:54 Imperial Age
41:01 Light Cavalry
41:58 Cavalier
43:58 Plate Barding Armor
49:24 Hand Cart
52:18 Hussar
53:57 Bracer
SR WAITINHO
9:00 Loom
11:31 Feudal Age
15:51 Double-Bit Axe
18:24 Horse Collar
23:15 Castle Age
21:28 Scale Mail Armor
21:39 Town Watch
22:15 Forging
23:56 Wheelbarrow
23:16 Pikeman
23:56 Squires
29:56 Stone Mining
29:59 Gold Mining
30:21 Bow Saw
30:38 Heavy Plow
32:38 Hand Cart
32:24 Town Patrol
33:59 Stone Shaft Mining
32:58 Man-at-Arms
34:54 Iron Casting
34:34 Chain Mail Armor
36:34 Anarchy
39:30 Imperial Age
39:41 Halberdier
41:14 Perfusion
42:06 Crop Rotation
45:19 Chemistry
44:40 Ballistics
49:58 Blast Furnace
49:08 Scale Barding Armor
50:01 Elite Huskarl
58:29 Conscription
57:39 Sappers
v0id
11:41 Feudal Age
13:10 Double-Bit Axe
13:41 Horse Collar
15:30 Gold Mining
16:00 Loom
20:36 Fletching
20:46 Padded Archer Armor
28:14 Castle Age
27:17 Forging
26:59 Stone Mining
27:52 Scale Mail Armor
28:16 Pikeman
29:42 Bow Saw
30:54 Squires
32:16 Crossbowman
32:55 Bodkin Arrow
34:43 Thumb Ring
36:05 Wheelbarrow
37:02 Hand Cart
37:24 Leather Archer Armor
40:02 Iron Casting
46:42 Imperial Age
44:34 Chain Mail Armor
47:01 Ballistics
47:37 Arbalester
47:39 Halberdier
48:08 Town Watch
48:26 Bracer
48:57 Plate Mail Armor
49:11 Ring Archer Armor
52:36 Chemistry
57:38 Arson
Connection lost

Rejoining the realm…

Still unreachable

The connection could not be restored.

Session expired

The server has moved on; the page needs a fresh start.